 Dungeon Crawl Stone Soup version 0.25.1-2-g60ff931df9 (webtiles) character file.

Game seed: 4237529740625147359

50 Cazemata the Slasher (level 3, -3/31 HPs)
             Began as a Draconian Berserker on Oct 18, 2020.
             Was a Believer of Trog.
             Slain by a gnoll
             ... wielding a +0 spear
              (6 damage)
             ... on level 3 of the Dungeon.
             The game lasted 00:07:23 (1693 turns).

Cazemata the Slasher (Draconian Berserker)          Turns: 1693, Time: 00:07:34

Health: -3/31      AC:  6    Str: 20    XL:     3   Next: 55%
Magic:  3/3        EV: 12    Int:  7    God:    Trog [**....]
Gold:   69         SH:  0    Dex: 10    Spells: 2/2 levels left

rFire    x . .     SeeInvis .   a - +0 falchion
rCold    + . .     Gourm    .   (no shield)
rNeg     . . .     Faith    .   (armour unavailable)
rPois    .         Spirit   .   (helmet restricted)
rElec    .         Reflect  .   (no cloak)
rCorr    .         Harm     .   (no gloves)
MR       +....                  e - +0 pair of boots
Stlth    +.........             (no amulet)
HPRegen  0.10/turn              c - ring of protection from magic
MPRegen  0.08/turn              i - ring of ice

@: no status effects
A: unfitting armour, cold-blooded, AC +5
a: Berserk, Trog's Hand, Renounce Religion


You were on level 3 of the Dungeon.
You worshipped Trog.
Trog was pleased with you.
You were hungry.

You visited 1 branch of the dungeon, and saw 3 of its levels.

You collected 69 gold pieces.

Inventory:

Hand Weapons
 a - a +0 falchion (weapon)
Missiles
 m - 2 poisoned darts (quivered)
Armour
 e - a +0 pair of boots (worn)
Jewellery
 c - a ring of protection from magic (left hand)
 i - a ring of ice (right hand)
Wands
 j - a wand of enslavement (9)
Scrolls
 f - a scroll of noise {unknown}
 h - 2 scrolls of teleportation {unknown}
 k - a scroll of enchant armour {unknown}
 l - a scroll of identify
 n - a scroll of magic mapping {unknown}
Potions
 d - a potion of might {unknown}
 g - a potion of degeneration {unknown}
Comestibles
 b - 4 rations


   Skills:
 - Level 3.2 Fighting
 + Level 4.6 Long Blades
 - Level 2.6 Dodging


You had 2 spell levels left.
You didn't know any spells.
Your spell library was empty.

Dungeon Overview and Level Annotations

Branches:
Dungeon (3/15)

Altars:

Annotations:
D:2 Sigmund


Innate Abilities, Weirdness & Mutations

Your plain brown scales are hard. (AC +5)
You cannot fit into any form of body armour.
You are cold-blooded and may be slowed by cold attacks.


Message History

The gnoll is heavily wounded.
The gnoll hits you.
You completely miss the gnoll.
The gnoll is heavily wounded.
A gnoll comes into view. It is wielding a +0 spear.
The gnoll hits you.
You barely miss the gnoll.
The gnoll is heavily wounded.
The gnoll hits you.
You hit the gnoll.
The gnoll is heavily wounded.
The gnoll barely misses you. The gnoll hits you.
You hit the gnoll.
Your tail-slap misses the gnoll.
The gnoll is almost dead.
The gnoll hits you from afar with a +0 spear!
* * * LOW HITPOINT WARNING * * *
The gnoll hits you.
* * * LOW HITPOINT WARNING * * *
The gnoll hits you from afar with a +0 spear.
You die...

#.# #..## #.#
#.... . ..# #..##
... #.# #..##
...g.###.# #....
.........## #.##.
......##g.# #.##.
##### ##g# #....
#@######## ####.
#........# #.
#..#####.##### #.
#..##........# #.
#..##.##.###.####.
#.....##.# #......
##.......# #######
#########


You could see 2 gnolls.

Vanquished Creatures
  An adder (D:2)
  2 leopard geckos
  4 giant cockroaches
  10 goblins
  4 hobgoblins (D:1)
  4 kobolds
  A quokka (D:3)
  2 bats (D:1)
  A frilled lizard (D:1)
  6 rats
35 creatures vanquished.

Notes
Turn   | Place    | Note
-------+----------+-------------------------------------------
     0 | D:1      | Cazemata the Draconian Berserker began the quest for the
                  | Orb.
     0 | D:1      | Reached XP level 1. HP: 19/19 MP: 1/1
   470 | D:1      | Reached XP level 2. HP: 26/26 MP: 2/2
   751 | D:1      | Reached skill level 4 in Long Blades
  1015 | D:2      | Reached XP level 3. HP: 26/31 MP: 3/3
  1477 | D:2      | Noticed Sigmund
  1587 | D:3      | Reached ** piety under Trog
  1693 | D:3      | Slain by a gnoll

Illustrated notes

Levels and vault maps discovered:
D:1:      minmay_arrival_five_plusses, layout_loops_corners
D:2:      layout_loops_corners, tgw_xom, uniq_sigmund, uniq_jessica
D:3:      layout_loops_cross, chequers_ecumenical_altar_simple_redux,
          first_ration, chequers_garden

Skill      XL: |  1  2 |
---------------+-------+-----
Long Blades    | 4 |  4.6
Fighting       | |  3.2
Dodging        | |  2.6

Action                   || total
-------------------------++-------
Melee: Falchion          ||    96
       Tailslap          ||     9
  Use: Scroll            ||     2
  Eat: Chunk             ||     2
Armor: Skin              ||    28
Dodge: Dodged            ||    60
       Rpst.: Falchion   ||    20
